Map: Acid Plant LE

Players

Namshar

  • Race: Zerg Zerg
  • Spawn Location: 11:00

Kelazhur - Winner!

  • Race: Terran Terran
  • Spawn Location: 5:00

Event: WCS Montreal 2018

VOD

Have the link to the VOD?

Description

Time

  • Played on: Sept. 7, 2018, 7:10 p.m.
  • Length: 9:18

All games in this series

Show
View Real Time Build Order
Export as new Build Order

Namshar Zerg 

Build Orders: Hatch First 

Get SALT Encoding   

  12  0:00  Drone  
  13  0:12  Overlord  
  13  0:16  Drone  
  14  0:30  Drone x2  
  14  0:34  Drone  
  17  0:50  Hatchery  
  17  0:54  Drone  
  17  0:57  Drone  
  18  1:08  Extractor  
  17  1:12  Spawning Pool  
  17  1:15  Drone  
  17  1:18  Drone  
  18  1:27  Drone  
  19  1:38  Drone  
  20  1:49  Overlord  
  20  1:58  Queen  
  22  2:02  Zergling x2, Queen  
  22  2:03  Zergling x2  
  26  2:11  Drone  
  26  2:13  Drone  
  28  2:21  Hatchery  
  27  2:24  Drone  
  28  2:31  Drone x2  
  29  2:42  Queen, Metabolic Boost  
  31  2:48  Overlord  
  32  2:51  Drone  
  32  2:52  Drone  
  32  2:55  Drone  
  32  2:57  Drone  
  35  3:03  Overlord  
  35  3:14  Drone x2  
  35  3:17  Drone x3  
  35  3:18  Overlord  
  40  3:22  Queen  
  42  3:28  Queen  
  42  3:33  Drone  
  45  3:35  Drone  
  45  3:40  Queen  
  48  3:43  Zergling x2  
  48  3:44  Zergling x6  
  52  3:51  Overlord  
  52  3:53  Drone x3  
  52  3:54  Drone  
  56  3:58  Overlord  
  56  4:00  Overlord  
  56  4:07  Drone  
  57  4:15  Drone x5  
  57  4:16  Zergling x2  
  63  4:23  Drone  
  64  4:28  Zergling x4  
  65  4:41  Zergling x6, Queen  
  68  4:48  Zergling x6  
  68  4:51  Drone  
  68  4:52  Drone x5  
  71  4:59  Drone x4  
  72  5:06  Queen  
  66  5:07  Queen  
  66  5:10  Drone  
  66  5:11  Drone x2  
  66  5:13  Zergling x4  
  72  5:15  Zergling x6  
  74  5:23  Zergling x4  
  74  5:24  Spore Crawler  
  74  5:27  Spore Crawler x2, Queen  
  73  5:32  Zergling x4  
  66  5:45  Zergling x2  
  66  5:46  Zergling x12  
  62  5:57  Drone x2  
  62  5:58  Drone  
  62  5:59  Drone x6  
  62  6:01  Extractor  
  62  6:02  Extractor  
  69  6:10  Evolution Chamber  
  68  6:11  Drone x3, Evolution Chamber  
  67  6:21  Lair  
  67  6:22  Drone  
  67  6:23  Drone x2  
  67  6:25  Roach Warren  
  69  6:28  Drone  
  69  6:29  Drone x5  
  69  6:32  Drone x2  
  74  6:38  Zerg Ground Armor Level 1  
  74  6:41  Zerg Missile Weapons Level 1  
  74  6:43  Drone  
  74  6:44  Drone  
  74  6:46  Extractor, Drone  
  76  6:49  Extractor  
  76  6:50  Extractor  
  76  6:53  Overlord x2  
  76  6:54  Drone x2  
  76  6:55  Drone  
  76  7:01  Hatchery  
  76  7:03  Drone  
  76  7:04  Drone x2  
  76  7:07  Drone x3  
  82  7:11  Drone  
  82  7:12  Overlord  
  82  7:14  Overlord  
  82  7:15  Overlord  
  83  7:18  Roach  
  83  7:20  Roach  
  87  7:24  Roach x2  
  87  7:25  Roach  
  87  7:27  Roach  
  87  7:28  Roach  
  97  7:31  Roach x3  
  97  7:34  Hydralisk Den  
  102  7:37  Infestation Pit, Glial Reconstitution  
  102  7:40  Roach  
  103  7:46  Roach x3  
  103  7:47  Overseer  
  103  7:49  Queen  
  111  7:57  Roach x5  
  105  8:10  Drone  
  105  8:11  Drone x7  
  106  8:17  Queen  
  101  8:32  Drone x2  
  101  8:34  Queen  
  100  8:38  Drone  
  103  8:50  Drone x10  
  111  8:59  Extractor  
  111  9:02  Extractor  
Show
View Real Time Build Order
Export as new Build Order

Kelazhur Terran - Winner!

Build Orders: Reaper Expand, Hellion Banshee, Mech 

Get SALT Encoding   

  12  0:00  SCV  
  13  0:13  SCV  
  14  0:17  Supply Depot  
  14  0:25  SCV  
  15  0:38  SCV  
  15  0:39  Barracks  
  16  0:43  Refinery  
  16  0:50  SCV  
  17  1:03  SCV  
  18  1:15  SCV  
  19  1:26  Reaper  
  19  1:27  Orbital Command  
  20  1:40  Command Center  
  20  1:48  Supply Depot  
  20  1:52  SCV  
  21  1:58  Marine  
  22  2:03  Factory  
  22  2:06  SCV  
  23  2:11  Refinery  
  23  2:18  SCV  
  23  2:20  Barracks Reactor  
  24  2:30  SCV  
  25  2:42  SCV  
  26  2:50  Starport  
  26  2:52  Orbital Command  
  26  2:54  SCV  
  27  3:00  Hellion x2  
  31  3:06  SCV  
  32  3:18  SCV x2  
  34  3:20  Barracks Tech Lab  
  34  3:21  Hellion x2  
  38  3:27  Medivac  
  38  3:28  Supply Depot  
  38  3:30  SCV  
  38  3:31  SCV  
  42  3:43  Hellion x2  
  42  3:44  Armory  
  46  3:50  SCV x2  
  46  3:52  Supply Depot  
  48  4:02  SCV x2  
  50  4:05  Hellion x2  
  54  4:12  Supply Depot  
  54  4:14  SCV  
  54  4:15  Supply Depot  
  55  4:17  SCV  
  55  4:19  Banshee, Cloaking Field  
  59  4:26  Hellion  
  61  4:34  Hellion, SCV  
  65  4:38  SCV  
  65  4:46  SCV  
  65  4:47  Hellion  
  65  4:50  SCV  
  68  4:55  Hellion  
  68  4:58  SCV  
  71  5:02  SCV  
  71  5:04  Command Center, Terran Vehicle Weapons Level 1  
  66  5:09  Hellion  
  66  5:10  SCV  
  66  5:12  Banshee  
  66  5:16  Hellion  
  66  5:17  Refinery x2  
  68  5:23  SCV  
  69  5:30  Hellion  
  71  5:38  Hellion  
  73  5:47  Barracks Tech Lab  
  73  5:49  Factory x2  
  65  5:52  Hellion  
  65  5:53  SCV  
  65  5:55  SCV  
  65  5:58  Banshee  
  65  5:59  Hellion  
  65  6:02  Engineering Bay  
  70  6:06  SCV  
  70  6:13  Hellion  
  70  6:17  SCV  
  73  6:21  Hellion, Orbital Command  
  73  6:23  Supply Depot  
  76  6:25  SCV  
  76  6:29  SCV  
  75  6:35  Hellion  
  75  6:37  SCV  
  78  6:42  Hellion  
  78  6:46  Thor  
  86  6:48  Hellion x3, Thor  
  92  6:56  Orbital Command  
  92  6:57  Factory  
  92  6:58  SCV  
  92  6:59  SCV, Starport Reactor, Factory  
  94  7:03  Supply Depot  
  94  7:06  Refinery  
  94  7:08  Hellion  
  96  7:10  Refinery  
  96  7:11  SCV x2  
  100  7:15  Hellion  
  100  7:23  SCV  
  100  7:25  SCV  
  100  7:29  Siege Tank, Supply Depot  
  105  7:31  Hellion  
  105  7:34  Siege Tank  
  105  7:35  SCV  
  111  7:37  SCV  
  111  7:40  Supply Depot  
  112  7:46  SCV  
  112  7:47  SCV  
  112  7:49  SCV  
  112  7:51  Factory Tech Lab, Factory Reactor  
  115  7:52  Hellion  
  117  7:59  SCV x2  
  117  8:00  Medivac x2  
  117  8:01  SCV  
  113  8:09  Siege Tank x2  
  113  8:11  SCV  
  116  8:13  SCV  
  109  8:21  SCV  
  109  8:23  SCV, Command Center  
  109  8:25  SCV  
  112  8:27  Supply Depot  
  112  8:28  Siege Tank  
  112  8:29  Hellion x3  
  127  8:42  Sensor Tower  
  127  8:45  Hellion  
  127  8:47  Missile Turret  
Tags
 
Add a new tag
Caveats
  • Supply blocks, unpowered buildings, or Contaminate may cause inaccurate times.
  • Supply counts are checked every 10 seconds.